 Dungeon Crawl Stone Soup version 0.31-a0-236-g9a0961fb85 (webtiles) character file.

Game seed: 15999626690812601966

317 qw the Shooter (level 6, -8/51 HPs)
             Began as a Minotaur Hexslinger on July 10, 2023.
             Mangled by Blork the orc
             ... wielding a +0 dire flail
              (11 damage)
             ... on level 4 of the Dungeon.
             The game lasted 00:01:11 (2956 turns).

qw the Shooter (Minotaur Hexslinger)                Turns: 2956, Time: 00:01:12

Health: -8/51      AC:  5    Str: 13    XL:     6   Next: 20%
Magic:  6/6        EV: 11    Int: 10    God:
Gold:   280        SH:  0    Dex: 14    Spells: 6/7 levels left

rFire   . . .        Y - +3 sling
rCold   . . .        (no shield)
rNeg    + . .        k - +0 ring mail
rPois   .            (helmet restricted)
rElec   .            (no cloak)
rCorr   .            (no gloves)
SInv    .            (no boots)
Will    .....        (no amulet)
Stlth   +            c - ring of positive energy
HPRegen 0.28/turn    (no ring)
MPRegen 0.10/turn

%: no passive effects
@: no status effects
A: horns 2, retaliatory headbutt
a: no special abilities


You were on level 4 of the Dungeon.
You visited 1 branch of the dungeon, and saw 4 of its levels.
You also visited: Sewer.

You collected 280 gold pieces.


Innate Abilities, Weirdness & Mutations

You have a pair of horns on your head.
You reflexively headbutt those who attack you in melee.


   Skills:
 + Level 3.3 Fighting
 - Level 6.2 Ranged Weapons
 - Level 2.1 Armour
 - Level 2.1 Dodging
 - Level 1.0 Spellcasting
 - Level 2.0 Hexes


You had 6 spell levels left.
You knew the following spells:

 Your Spells              Type           Power      Damage    Failure   Level
a - Slow                  Hex            16%        N/A       32%         1

Your spell library contained the following spells:

 Spells                   Type           Power      Damage    Failure   Level
 Inner Flame              Hex/Fire       2%         N/A       82%         3
 Portal Projectile        Hex/Tloc       4%         N/A       82%         3
 Cause Fear               Hex            2%         N/A       97%         4

Inventory:

Hand Weapons
 Y - a +3 sling (weapon)
Armour
 k - a +0 ring mail (worn)
Jewellery
 c - a ring of positive energy (left hand)
Scrolls
 a - 2 scrolls of enchant armour
 j - a scroll of identify
Potions
 b - a potion of attraction {unknown}
 d - a potion of mutation
 f - a potion of might
 g - a potion of curing
 h - a potion of resistance {unknown}
 i - a potion of haste
 m - a potion of lignification {unknown}
 n - a potion of enlightenment {unknown}

Dungeon Overview and Level Annotations

Branches:
Dungeon (4/15)              Sewer (visited)
 Temple: D:4-7

Altars:
Xom

Annotations:
D:4 Blork the orc


Message History

You shoot a sling bullet.
The sling bullet hits the orc but does no damage.
Blork the orc gestures wildly while chanting.
Blork the orc seems to speed up.
The orc hits you but does no damage.
You shoot a sling bullet.
The sling bullet hits the orc but does no damage.
Blork the orc zaps a wand.
The puff of flame hits you! The orc hits you but does no damage.
Blork the orc casts a spell at you. The magic dart hits you.
You shoot a sling bullet. The sling bullet hits the orc!
The orc is almost dead.
Blork the orc seems less brilliant.
The orc hits you with a +0 club. Blork the orc barely misses you.
The orc barely misses you. You furiously retaliate!
You headbutt the orc.
You kill the orc!
You shoot a sling bullet. The sling bullet hits Blork the orc.
Blork the orc is lightly wounded.
Blork the orc zaps a wand.
The puff of flame hits you!
Blork the orc hits you with a +0 dire flail.
You shoot a sling bullet.
The sling bullet barely misses Blork the orc.
Blork the orc barely misses you.
You shoot a sling bullet.
The sling bullet closely misses Blork the orc.
Blork the orc misses you.
Blork the orc hits you but does no damage.
You shoot a sling bullet.
The sling bullet hits Blork the orc but does no damage.
Blork the orc is lightly wounded.
Blork the orc barely misses you.
Blork the orc hits you with a +0 dire flail!
You shoot a sling bullet. The sling bullet hits Blork the orc.
Blork the orc is moderately wounded.
Blork the orc casts a cantrip, but nothing happens.
Blork the orc begins to cast a cantrip, but forgets the words!
You shoot a sling bullet. The sling bullet hits Blork the orc!
Blork the orc is heavily wounded.
Blork the orc hits you with a +0 dire flail!
You die...

...<#...+ ...
....##'#########+#..[.
#....................#
#....................#
#....................#
#....................+
#....................#
#....................#
#...............@)...#
.#####+#.....####o......
+.....# ....... #[..).#
....... #.....# .......
#.....# ....... +.....
......> .......


You could see Blork the orc (fast).

Vanquished Creatures
  2 bullfrogs (Sewer)
  A jelly (D:3)
  5 adders
  A worm (D:2)
  4 dart slugs
  3 orcs
  8 bats
  11 endoplasms
  9 giant cockroaches
  9 goblins
  4 hobgoblins
  2 jackals (D:2)
  4 kobolds
  9 quokkas
  13 ball pythons
  8 frilled lizards
  A rat (D:2)
94 creatures vanquished.

Notes
Turn   | Place    | Note
-------+----------+-------------------------------------------
     0 | D:1      | qw the Minotaur Hexslinger began the quest for the Orb.
     0 | D:1      | Reached XP level 1. HP: 16/16 MP: 1/1
     0 | D:1      | 0 ||| qw: Version: 0.3-a-52-g30416fa
     0 | D:1      | 0 ||| qw: Game counter: 4815
     0 | D:1      | 0 ||| qw: Melee chars always use a shield: true
     0 | D:1      | 0 ||| qw: God list: Okawaru
     0 | D:1      | 0 ||| qw: Allow faded altars: false
     0 | D:1      | 0 ||| qw: Do Orc after clearing Dungeon:15 true
     0 | D:1      | 0 ||| qw: Do second Lair branch before Depths: true
     0 | D:1      | 0 ||| qw: Lair rune preference: random
     0 | D:1      | 0 ||| qw: Goals: Normal
     0 | D:1      | 0 ||| PLANNING D:1-11
   277 | D:1      | Reached skill level 3 in Ranged Weapons
   277 | D:1      | Reached XP level 2. HP: 23/23 MP: 2/2
   699 | D:1      | 699 ||| UPGRADING to +0 leather armour.
   709 | D:1      | 709 ||| DROPPING +0 robe.
   710 | D:1      | 710 ||| READING 2 scrolls labelled VUTROEMOMP.
   711 | D:1      | 711 ||| READING 2 scrolls labelled HIEBAH ZUECU.
   712 | D:1      | 712 ||| DROPPING scroll of poison.
   713 | D:1      | 713 ||| DROPPING scroll of vulnerability.
   757 | D:2      | Reached XP level 3. HP: 29/29 MP: 3/3
  1142 | D:2      | Reached skill level 4 in Ranged Weapons
  1180 | D:2      | Found a shimmering altar of Xom.
  1530 | D:2      | 1530 ||| UPGRADING to +0 ring mail.
  1540 | D:2      | 1540 ||| DROPPING +0 leather armour.
  1541 | D:2      | 1541 ||| UPGRADING to ring of positive energy.
  1542 | D:2      | 1542 ||| READING scroll labelled TOUPOF VOLIUST.
  1543 | D:2      | 1543 ||| READING 2 scrolls labelled XIRE FAKAU.
  1579 | D:3      | 1579 ||| PLANNING SEWER
  1769 | D:3      | Reached XP level 4. HP: 21/36 MP: 4/4
  1993 | D:3      | Found a glowing drain.
  1994 | D:3      | 1994 ||| READING 2 scrolls labelled HOHUATIPHO.
  1997 | D:3      | 1997 ||| READING scroll labelled SOS QYNOSKUUM.
  1998 | D:3      | 1998 ||| READING scroll labelled JAEDUESODAF.
  1999 | D:3      | 1999 ||| DRINKING 2 viscous red potions.
  2000 | D:3      | 2000 ||| READING 2 scrolls of identify.
  2000 | D:3      | 2000 ||| IDENTIFYING glowing amethyst potion
  2075 | Sewer    | Entered a sewer
  2127 | Sewer    | 2127 ||| Stepping ~*~*~tactically~*~*~ (water).
  2205 | Sewer    | Reached skill level 5 in Ranged Weapons
  2211 | Sewer    | 2211 ||| Stepping ~*~*~tactically~*~*~ (water).
  2250 | Sewer    | Reached XP level 5. HP: 41/41 MP: 5/5
  2290 | Sewer    | 2290 ||| Stepping ~*~*~tactically~*~*~ (water).
  2316 | Sewer    | 2316 ||| Stepping ~*~*~tactically~*~*~ (water).
  2336 | Sewer    | 2336 ||| Stepping ~*~*~tactically~*~*~ (water).
  2372 | Sewer    | 2372 ||| Stepping ~*~*~tactically~*~*~ (water).
  2374 | Sewer    | Reached skill level 3 in Fighting
  2394 | Sewer    | 2394 ||| Stepping ~*~*~tactically~*~*~ (water).
  2400 | Sewer    | HP: 9/45 [adder (3)]
  2401 | Sewer    | 2401 ||| READING scroll of teleportation.
  2403 | Sewer    | Reached skill level 6 in Ranged Weapons
  2403 | Sewer    | Reached XP level 6. HP: 5/51 MP: 6/6
  2404 | Sewer    | HP: 4/51 [poisoned by an adder]
  2618 | Sewer    | 2618 ||| Stepping ~*~*~tactically~*~*~ (water).
  2628 | Sewer    | 2628 ||| Stepping ~*~*~tactically~*~*~ (water).
  2639 | Sewer    | 2639 ||| DRINKING 2 fuming ruby potions.
  2640 | Sewer    | 2640 ||| READING 2 scrolls of identify.
  2640 | Sewer    | 2640 ||| IDENTIFYING inky potion
  2641 | Sewer    | 2641 ||| DROPPING potion of magic.
  2656 | D:3      | 2656 ||| PLANNING D:1-11
  2727 | D:3      | 2727 ||| FLEEEEING.
  2807 | D:3      | 2807 ||| READING scroll of enchant weapon.
  2807 | D:3      | 2807 ||| ENCHANTING +2 sling.
  2843 | D:3      | Identified the +0 plate armour of the Abyss {rElec}
  2909 | D:3      | 2909 ||| DRINKING 2 amethyst potions.
  2941 | D:4      | Noticed Blork the orc
  2954 | D:4      | HP: 2/51 [Blork the orc/+0 dire flail (14)]
  2956 | D:4      | Mangled by Blork the orc

Levels and vault maps discovered:
D:1:      dpeg_arrival_rhombi, layout_loops_cross
D:2:      layout_loops_corners, basic_altar, minivault_24
D:3:      layout_loops_cross, portal_sewer_entry_e, kennysheep_generic_room_16
D:4:      layout_gridville, serial_shops, nicolae_lakefront_shop,
          uniq_blork_the_orc

Skill      XL: |  1  2  3  4  5 |
---------------+----------------+-----
Ranged Weapons | 3 4 5 6 |  6.2
Fighting       | 2 3 |  3.3
Armour         | 2 |  2.1
Dodging        | |  2.1
Spellcasting   | |  1.0
Hexes          | |  2.0

Action                     |  1- 3 |  4- 6 || total
---------------------------+-------+-------++-------
   Fire: Sling             |   112 |   143 ||   255
    Use: Scroll            |     4 |     7 ||    11
         Potion            |       |     3 ||     3
 Armour: Leather armour    |     4 |       ||     4
         Ring mail         |     1 |    28 ||    29
  Dodge: Dodged            |    22 |    69 ||    91

Table legend:
 A = Non-vault XP
 B = Vault XP
 C = Vault XP percentage of total XP
 D = Non-vault monster count
 E = Vault monster count
 F = Vault count percentage of total count
                 A         B        C        D         E       F
            +---------+---------+-------+---------+---------+-------
      Total |     173 |     281 |  61.9 |      54 |      40 |  42.6
            +---------+---------+-------+---------+---------+-------
        D:1 |      30 |       0 |   0.0 |      15 |       0 |   0.0
        D:2 |      52 |       0 |   0.0 |      27 |       0 |   0.0
        D:3 |      82 |       7 |   7.9 |       8 |       3 |  27.3
        D:4 |       9 |       0 |   0.0 |       4 |       0 |   0.0
      Sewer |       0 |     274 | 100.0 |       0 |      37 | 100.0
            +---------+---------+-------+---------+---------+-------
